 Dungeon Crawl Stone Soup version 0.27.1-4-g1640c2035a (webtiles) character file.

Game seed: 16216398937076099867

395 raph the Cleaver (level 6, -1/51 HPs)
             Began as a Hill Orc Fighter on Nov 5, 2021.
             Was a Follower of Beogh.
             Slain by a gnoll (4 damage)
             ... on level 4 of the Dungeon.
             The game lasted 00:05:08 (3415 turns).

raph the Cleaver (Hill Orc Fighter)                 Turns: 3415, Time: 00:05:08

Health: -1/51      AC:  8    Str: 19    XL:     6   Next: 82%
Magic:  6/6        EV:  7    Int:  8    God:    Beogh [*.....]
Gold:   252        SH:  9    Dex: 12    Spells: 5/5 levels left

rFire    . . .     SeeInvis .   a - +0 war axe
rCold    . . .     Faith    .   c - +0 kite shield
rNeg     . . .     Spirit   .   b - +0 scale mail
rPois    .         Reflect  .   (no helmet)
rElec    .         Harm     .   l - +0 cloak
rCorr    .         Rampage  .   (no gloves)
Will     .....                  (no boots)
Stlth    ..........             (no amulet)
HPRegen  0.17/turn              (no ring)
MPRegen  0.10/turn              (no ring)

@: no status effects
A: no striking features
a: Renounce Religion


You were on level 4 of the Dungeon.
You worshipped Beogh.
Beogh was aware of your devotion.
You visited 1 branch of the dungeon, and saw 4 of its levels.

You collected 252 gold pieces.

Inventory:

Hand Weapons
 a - a +0 war axe (weapon)
Armour
 b - a +0 scale mail (worn)
 c - a +0 kite shield (worn)
 l - a +0 cloak (worn)
Scrolls
 f - a scroll of teleportation
 h - 6 scrolls of identify {unknown}
 k - a scroll of torment {unknown}
 m - 2 scrolls of silence {unknown}
Potions
 g - 2 potions of degeneration {unknown}
 i - a potion of lignification {unknown}
 j - 2 potions of curing {unknown}


   Skills:
 - Level 3.6 Fighting
 + Level 9.3 Axes
 - Level 3.2 Armour
 - Level 3.2 Shields


You had 5 spell levels left.
You didn't know any spells.
Your spell library contained the following spells:

 Spells                   Type           Power      Damage    Failure   Level
 Call Canine Familiar     Summ           0%         N/A       100%        3
 Ignite Poison            Fire/Tmut/Pois 0%         N/A       100%        3
 Mephitic Cloud           Conj/Pois/Air  0%         N/A       100%        3
 Portal Projectile        Hex/Tloc       0%         N/A       100%        3
 Stone Arrow              Conj/Erth      0%         3d7       100%        3
 Animate Armour           Summ/Erth      0%         N/A       100%        4
 Leda's Liquefaction      Hex/Erth       0%         N/A       100%        4
 Bolt of Magma            Conj/Fire/Erth 0%         4d4       100%        5
 Lehudib's Crystal Spear  Conj/Erth      0%         10d2      100%        8


Dungeon Overview and Level Annotations

Branches:
Dungeon (4/15)
 Temple: D:4-7

Altars:
Uskayaw

Shops:
D:1 =


Message History

The adder is heavily wounded.
The adder bites you but does no damage.
You slash the adder!
You kill the adder!
Beogh accepts your kill.
You start resting.
You flicker for a moment.
You start resting.
A quokka is nearby!
You slash the quokka!
You kill the quokka!
Beogh accepts your kill.
The gnoll shouts!
You hear a shout!
You see here a quokka corpse.
You flicker back into view.
The gnoll shouts!
The gnoll throws a throwing net.
The throwing net barely misses you.
You see here a throwing net.
Your magical contamination has completely faded away.
You see here an adder corpse.
The gnoll shouts!
You see here a quokka corpse.
You see here a throwing net.
d - a throwing net Throw: throwing net
Press: ? - help, Q - select action Shift-Dir - straight line You throw a throwing net.
Your shield and scale mail prevent you from hitting the gnoll.
The gnoll is moderately wounded.
The gnoll hits you from afar with a +0 spear.
* * * LOW HITPOINT WARNING * * *
You block the gnoll's attack. The gnoll hits you but does no damage.
You barely miss the gnoll.
The gnoll is moderately wounded.
The gnoll hits you with a +0 whip.
* * * LOW HITPOINT WARNING * * *
The gnoll hits you from afar with a +0 spear.
* * * LOW HITPOINT WARNING * * *
The gnoll hits you with a +0 whip.
You die...

#... #..
##.##############..
#####.....$$...........
#.........# #.##..
#.###.###.# #...g. #†#
#.########..#.# #g#
#...........#.#
#†#######.......#g#
#.@g............#.#
##########......#r#
##'###.).# #.# #....
#.# #?... ###S###....
#.rSc....>. #...g......
#........†.


You could see 2 gnolls.

Vanquished Creatures
  An ogre (D:4)
  A bullfrog (D:3)
  A hound (D:4)
  An iguana (D:4)
  A gnoll (D:4)
  9 adders
  A worm (D:2)
  3 dart slugs
  An orc (D:3)
  6 endoplasms
  4 giant cockroaches
  12 goblins
  3 hobgoblins
  7 quokkas
  5 ball pythons
  6 bats
  5 kobolds
  10 rats
77 creatures vanquished.

Vanquished Creatures (collateral kills)
  An orc wizard (D:3)
  2 orcs (D:3)
  A rat (D:3)
4 creatures vanquished.

Vanquished Creatures (others)
  A ball python (D:3)
1 creature vanquished.

Grand Total: 82 creatures vanquished

Notes
Turn   | Place    | Note
-------+----------+-------------------------------------------
     0 | D:1      | raph the Hill Orc Fighter began the quest for the Orb.
     0 | D:1      | Reached XP level 1. HP: 19/19 MP: 1/1
    26 | D:1      | Reached skill level 3 in Axes
    73 | D:1      | Reached XP level 2. HP: 21/26 MP: 2/2
   157 | D:1      | Reached skill level 4 in Axes
   267 | D:1      | You fall into a shaft and drop 1 floor!
   346 | D:2      | Reached XP level 3. HP: 21/31 MP: 3/3
   492 | D:1      | Found Ytaihoh's Jewellery Boutique.
   540 | D:1      | Found a faded altar of an unknown god.
   646 | D:1      | Reached skill level 5 in Axes
  1744 | D:2      | Found a hide-covered altar of Uskayaw.
  1777 | D:2      | Reached XP level 4. HP: 34/39 MP: 4/4
  2071 | D:2      | Reached skill level 6 in Axes
  2431 | D:3      | Noticed a bullfrog
  2495 | D:3      | Reached XP level 5. HP: 45/45 MP: 5/5
  2547 | D:3      | Reached skill level 7 in Axes
  2619 | D:3      | Became a worshipper of Beogh the Brigand
  3064 | D:4      | Noticed an ogre
  3068 | D:4      | Reached skill level 8 in Axes
  3069 | D:4      | Reached XP level 6. HP: 51/51 MP: 6/6
  3235 | D:4      | Reached skill level 9 in Axes
  3384 | D:4      | Reached * piety under Beogh
  3415 | D:4      | Slain by a gnoll

Illustrated notes

Levels and vault maps discovered:
D:1:      dpeg_arrival_renting, layout_basic, serial_shops, shop,
          dreamdust_ecumenical_altar_angels_and_demons
D:2:      layout_basic, basic_altar
D:3:      layout_rooms, minmay_distorted
D:4:      layout_basic, minmay_temple_entry_antechambers, serial_shops, shop,
          minmay_misc_feat_ornament

Skill      XL: |  1  2  3  4  5  6 |
---------------+-------------------+-----
Axes           | 3 4 5 6 8 9 |  9.3
Fighting       | |  3.6
Armour         | |  3.2
Shields        | |  3.2

Action                   |  1- 3 |  4- 6 || total
-------------------------+-------+-------++-------
Melee: War axe           |    88 |   131 ||   219
Throw: Throwing net      |       |     1 ||     1
Invok: Convert to Beogh  |       |     1 ||     1
  Use: Scroll            |       |     4 ||     4
       Potion            |       |     2 ||     2
Armor: Scale mail        |    45 |    60 ||   105
Dodge: Dodged            |    33 |    50 ||    83
Block: Kite shield       |    50 |    65 ||   115
